[Event "Team 45 45 League T57"]
[Site "Internet Chess Club"]
[Date "2013.06.02"]
[Round "2"]
[White "Inquisiteur"]
[Black "Packerfan"]
[Result "1-0"]
[WhiteElo "1655"]
[BlackElo "1718"]
[Opening "Two knights defense"]
[ECO "C56"]
[Time "15:16:26"]
[TimeControl "2700+45"]

1. e4 e5 2. Nf3 Nc6 3. d4 exd4 4. Bc4 Nf6 5. O-O Nxe4 6. Re1 d5 7. Bxd5 Qxd5 8.
Nc3 Qa5 9. Nxe4 Be6 10. Neg5 O-O-O 11. Nxe6 fxe6 12. Rxe6 Bd6 13. Bg5 Rdf8 14.
Qe2 Qd5 15. Bh4 Qh5 16. Bg3 Bxg3 17. hxg3 Re8 18. Re1 Kd7 19. Ne5+ Qxe5 20. Rxe5
Nxe5 21. Qb5+ Kd6 22. Kf1 b6 23. f4 Nc6 24. Qd3 Rxe1+ 25. Kxe1 Re8+ 26. Kf2 g6
27. b4 Re3 28. Qd2 Re4 29. c4 Ne7 30. Qd3 Re6 31. Qxd4+ Kc6 32. b5+ Kb7 33. g4
h6 34. f5 gxf5 35. gxf5 Nxf5 36. Qd5+ {Black resigns} 1-0

[Event "Team 45 45 League T57"]
[Site "Internet Chess Club"]
[Date "2013.05.30"]
[Round "2"]
[White "Buford-Julep"]
[Black "CzwartyWymiar"]
[Result "1-0"]
[WhiteElo "1738"]
[BlackElo "1819"]
[Opening "English: symmetrical, four knights system"]
[ECO "A30"]
[Time "10:00:09"]
[TimeControl "2700+45"]

1. Nf3 Nf6 2. c4 c5 3. Nc3 Nc6 4. d4 cxd4 5. Nxd4 e5 6. Ndb5 a6 7. Nd6+ Bxd6 8.
Qxd6 Qe7 9. Qxe7+ Nxe7 10. e4 h6 11. Be3 O-O 12. O-O-O Nc6 13. Be2 Rd8 14. Bb6
Re8 15. Rd2 Re6 16. Rhd1 Nb4 17. Bc7 b5 18. f3 bxc4 19. Rd6 Nd3+ 20. Bxd3 Rxd6
21. Bxd6 cxd3 22. Rxd3 Ne8 23. Bxe5 f6 24. Bg3 Kf7 25. Na4 Ke6 26. Nb6 Ra7 27.
Nxc8 {Black resigns} 1-0

[Event "Team 45 45 League T57"]
[Site "Internet Chess Club"]
[Date "2013.06.01"]
[Round "2"]
[White "SirIvanhoe"]
[Black "bondguy01"]
[Result "1/2-1/2"]
[WhiteElo "1536"]
[BlackElo "1669"]
[Opening "French: King's Indian attack"]
[ECO "C00"]
[Time "11:01:05"]
[TimeControl "2700+45"]

1. e4 e6 2. d3 d5 3. Nd2 Nf6 4. Ngf3 c5 5. g3 g6 6. Bg2 Bg7 7. O-O O-O 8. Re1
Nc6 9. c3 Re8 10. h3 b6 11. exd5 exd5 12. Nf1 Bb7 13. d4 cxd4 14. Rxe8+ Nxe8 15.
Nxd4 Nxd4 16. cxd4 Nd6 17. b3 Qf6 18. Bb2 Rd8 19. Ne3 Ne4 20. Qe1 Qd6 21. Rc1
Bh6 22. Rc2 Bg7 23. Rc1 Re8 24. Rc2 f5 25. Re2 Ba6 26. Rc2 Bd3 27. Rc1 Bh6 28.
Rd1 Ba6 29. h4 Bb7 30. Rd3 Ba6 31. Rd1 Rc8 32. Rc1 Re8 33. Rd1 Bb7 34. Rc1 Kf7
35. Bxe4 Rxe4 36. Qc3 Re7 37. Re1 Rc7 38. Qd3 Bc8 39. Rc1 Bd7 40. Rxc7 Qxc7 41.
Nxd5 Qd6 42. Ne3 {Game drawn by mutual agreement} 1/2-1/2